 Dungeon Crawl Stone Soup version 0.31-a0-1620-gcbf77bb (webtiles) character file.

Game seed: 3164626471902247195

84 edsrzf the Conjurer (level 4, 0/27 HPs)
             Began as an Octopode Hedge Wizard on Jan 11, 2024.
             Slain by a cerulean imp
             ... wielding a +0 spear
             ... summoned by Natasha
              (1 damage)
             ... on level 2 of the Dungeon.
             The game lasted 00:03:19 (1858 turns).

edsrzf the Conjurer (Octopode Hedge Wizard)         Turns: 1858, Time: 00:03:20

Health: 0/27       AC:  1    Str:  9    XL:     4   Next: 45%
Magic:  8/8        EV: 13    Int: 18    God:
Gold:   132        SH:  0    Dex: 11    Spells: 8/9 levels left

rFire   . . .        a - +0 dagger
rCold   . . .        (no shield)
rNeg    . . .        b - +0 hat
rPois   .            (no amulet)
rElec   .            (no ring)
rCorr   .            (no ring)
SInv    .            (no ring)
Will    .....        (no ring)
Stlth   +++          (no ring)
HPRegen 0.24/turn    (no ring)
MPRegen 0.11/turn    (no ring)
                     (no ring)

%: no passive effects
@: no status effects
A: almost no armour, amphibious, 8 rings, camouflage 1, gelatinous body 1,
(nimble swimmer 1), tentacles
a: no special abilities


You were on level 2 of the Dungeon.
You visited 1 branch of the dungeon, and saw 2 of its levels.

You collected 132 gold pieces.

Inventory:

Hand Weapons
 a - a +0 dagger (weapon)
Missiles
 k - 4 poisoned darts
Armour
 b - a +0 hat (worn)
Jewellery
 h - a +6 ring of strength
Scrolls
 d - a scroll of identify {unknown}
 e - a scroll of teleportation {unknown}
 f - a scroll of amnesia {unknown}
 g - a scroll of enchant armour {unknown}
 i - a scroll of brand weapon {unknown}
Potions
 c - a potion of magic
 l - a potion of curing {unknown}
 m - a potion of mutation {unknown}


   Skills:
 - Level 2.0 Dodging
 - Level 2.6 Stealth
 - Level 3.0 Spellcasting
 + Level 4.1 Conjurations
 - Level 1.0 Summonings
 - Level 1.0 Translocations


You had 8 spell levels left.
You knew the following spells:

 Your Spells              Type           Power      Damage    Failure   Level
X - Magic Dart            Conj           68%        1d6       3%          1

Your spell library contained the following spells:

 Spells                   Type           Power      Damage    Failure   Level
 Shock                    Conj/Air       40%        1d5       7%          1
 Slow                     Hex            8%         N/A       16%         1
 Blink                    Tloc           12%        N/A       16%         2
 Call Imp                 Summ           12%        N/A       16%         2
 Cigotuvi's Dreadful Rot  Necr/Alch/Air  4%         N/A       24%         2
 Mephitic Cloud           Conj/Alch/Air  7%         N/A       28%         3
 Swiftness                Air            2%         N/A       43%         3
 Airstrike                Air            1%         2d(1-17)  85%         4


Dungeon Overview and Level Annotations

Branches:
Dungeon (2/15)

Altars:

Annotations:
D:2 Natasha


Innate Abilities, Weirdness & Mutations

You cannot wear most types of armour.
You are amphibious.
You can wear up to eight rings at the same time.
Your skin changes colour to match your surroundings (Stealth+).
Your rubbery body absorbs attacks. (AC +1, EV +1)
((You are camouflaged when in or above water. (Stealth+)))
You have tentacles for arms and can constrict up to eight enemies at once.


Message History

Confirm with . or Enter, or press ? or * to list all spells.
The magic dart hits the adder.
The adder is lightly wounded.
The adder hisses angrily.
Casting: Magic Dart (safe; 3% risk of failure)
Confirm with . or Enter, or press ? or * to list all spells.
The magic dart hits the adder but does no damage.
The adder is lightly wounded.
Casting: Magic Dart (safe; 3% risk of failure)
Confirm with . or Enter, or press ? or * to list all spells.
The magic dart hits the adder.
The adder is moderately wounded.
Casting: Magic Dart (safe; 3% risk of failure)
Confirm with . or Enter, or press ? or * to list all spells.
The magic dart hits the adder.
The adder is severely wounded.
The adder bites you.
You hit the adder.
You kill the adder!
You have reached level 4!
You start resting.
HP restored.
Magic restored.
You see here an adder corpse.
A bat comes into view.
Found a metallic amethyst potion.
A bat is nearby!
Casting: Magic Dart (safe; 3% risk of failure)
Confirm with . or Enter, or press ? or * to list all spells.
The magic dart hits the bat.
You kill the bat!
No target in view!
m - a metallic amethyst potion Partly explored, can't reach some places.
Partly explored, can't reach some places.
Sorry, I don't know how to traverse that place.
The helpless Natasha fails to defend herself.
You puncture Natasha! Your grab misses Natasha. Your squeeze misses Natasha.
Natasha is heavily wounded.
Natasha mumbles some strange words.
You hit Natasha. You grab Natasha.
Natasha is severely wounded.
You constrict Natasha. Natasha closely misses you.
The cerulean imp closely misses you.
You hit Natasha.
Natasha is almost dead.
You constrict Natasha, but do no damage.
Natasha casts a spell.
The cerulean imp closely misses you.
You hit Natasha.
You kill Natasha!
Natasha growls in agony!
The cerulean imp disappears in a puff of smoke! x2
Your Conjurations skill increases to level 4!
Unknown command.
Press: ? - help, v - describe, . - travel The floor, spattered with blood.
There is a cloud of black smoke here.
Reduced exclusion size to a single square.
Removed exclusion.
Done exploring.
Done exploring.
Natasha, Servant of Life and Death comes into view.
Natasha mumbles some strange words.
Casting: Magic Dart (safe; 3% risk of failure)
Confirm with . or Enter, or press ? or * to list all spells.
The magic dart hits the cerulean imp but does no damage.
Natasha stares at you and mumbles some strange words.
You resist with some effort.
You start resting.
A cerulean imp is nearby!
The cerulean imp hits you from afar with a +0 spear.
Natasha casts a spell.
The cerulean imp hits you with a +0 spear.
Natasha claws you.
The cerulean imp hits you from afar with a +0 spear.
You closely miss Natasha. Your grab misses Natasha.
Your squeeze misses Natasha.
Natasha stares at you and mumbles some strange words.
You resist with some effort.
The cerulean imp hits you from afar with a +0 spear.
The cerulean imp hits you from afar with a +1 spear.
You hit Natasha. Your grab misses Natasha. You squeeze Natasha.
Natasha is moderately wounded.
Natasha howls an incantation.
Natasha glows brightly for a moment.
Natasha misses you. The cerulean imp closely misses you.
The cerulean imp barely misses you.
You barely miss Natasha. You grab Natasha.
Natasha is moderately wounded.
You constrict Natasha. Natasha claws you!
* * * LOW HITPOINT WARNING * * *
The cerulean imp barely misses you. The cerulean imp closely misses you.
It was a potion of cancellation.
You feel magically purged.
You constrict Natasha.
Natasha stares at you and mumbles some strange words.
The magic dart hits you.
* * * LOW HITPOINT WARNING * * *
The cerulean imp hits you from afar with a +0 spear.
You die...

##..#...####....###.###...##
###...######..####..# ###..#
#.<...........# #.## ##.#
####.##########.## #..### #.#
#....# ##...# ##...####.. #.####
#..#.# ###....... #.# #.##.#####
#####... ##.# ##....#...## #...
#..##### ##.5.@......## ##..
##.)....## #....)h5.....# ##.
#........# #............# #.
#...##...###>...........###### ##
#..####..##..................####
#..## #.....##...##...######..##.
....###...###....................
..............################...
..#.......##### ##..


You could see Natasha and 2 cerulean imps.

Vanquished Creatures
  Natasha (D:2)
  2 adders (D:2)
  A dart slug (D:2)
  5 ball pythons
  6 bats
  4 endoplasms
  4 giant cockroaches (D:1)
  3 goblins
  3 hobgoblins
  2 quokkas (D:1)
  3 frilled lizards
  2 kobolds (D:1)
  A rat (D:1)
37 creatures vanquished.

Notes
Turn   | Place    | Note
-------+----------+-------------------------------------------
     0 | D:1      | edsrzf the Octopode Hedge Wizard began the quest for the
                  | Orb.
     0 | D:1      | Reached XP level 1. HP: 11/11 MP: 4/4
   222 | D:1      | Reached skill level 2 in Conjurations
   222 | D:1      | Reached XP level 2. HP: 17/17 MP: 1/6
   763 | D:1      | Reached XP level 3. HP: 21/21 MP: 4/7
   852 | D:1      | Reached skill level 3 in Conjurations
  1252 | D:2      | Noticed Natasha
  1638 | D:2      | Reached XP level 4. HP: 22/27 MP: 3/8
  1830 | D:2      | Killed Natasha
  1831 | D:2      | Reached skill level 4 in Conjurations
  1847 | D:2      | Noticed Natasha
  1858 | D:2      | Identified a potion of cancellation
  1858 | D:2      | HP: 1/27 [Natasha/magic dart (6)]
  1858 | D:2      | Slain by a cerulean imp

Illustrated notes

Levels and vault maps discovered:
D:1:      spicycebolla_arrival_ecumenical, layout_basic,
          chequers_serial_rivers_micro_b, minmay_tromino_v4_c
D:2:      layout_rooms, hangedman_decor_growths, nicolae_twisty_statue_hallways,
          uniq_natasha

Skill      XL: |  1  2  3  4 |
---------------+-------------+-----
Conjurations   | 2 3 4 |  4.1
Dodging        | |  2.0
Stealth        | |  2.6
Spellcasting   | |  3.0
Summonings     | |  1.0
Translocations | |  1.0

Action                     |  1- 3 |  4- 6 || total
---------------------------+-------+-------++-------
  Melee: Dagger            |    24 |     7 ||    31
         Tentacles         |     3 |     1 ||     4
         Constrict         |     6 |     2 ||     8
   Cast: Magic Dart        |    69 |     2 ||    71
    Use: Potion            |       |     1 ||     1
   Stab: Sleeping          |       |     1 ||     1
 Armour: Skin              |    12 |     9 ||    21
  Dodge: Dodged            |    19 |     8 ||    27

Table legend: (Time is in decaauts)
 A = Elapsed time spent in this place.
 B = Non-inter-level travel time spent in this place.
 C = Inter-level travel time spent in this place.
 D = Time resting spent in this place.
 E = Time spent auto-exploring this place.
 F = Levels seen in this place.
 G = Mean time per level.
                   A        B        C        D        E       F      G
               +--------+--------+--------+--------+--------+-----+--------+
         Total |   1857 |   1790 |     67 |    373 |   1201 |   2 |  928.5 |
       Dungeon |   1857 |   1790 |     67 |    373 |   1201 |   2 |  928.5 |
               +--------+--------+--------+--------+--------+-----+--------+

Top non-repeatable levels by time:
     D:1: 1033 daAuts
     D:2: 824 daAuts
